Map: Dusk Towers

Players

Grumm - Winner!

  • Race: Protoss Protoss
  • League: Gold

unwei

  • Race: Zerg Zerg
  • League: Gold

VOD

Have the link to the VOD?

Description

Time

  • Played on: Jan. 23, 2016, 10:41 p.m.
  • Length: 11:12
Show
View Real Time Build Order
Export as new Build Order

Grumm Protoss - Winner!

Build Orders:  

Get SALT Encoding   

  12  0:01  Probe (Chrono Boost)  
  13  0:12  Probe (Chrono Boost)  
  14  0:19  Pylon  
  14  0:22  Probe (Chrono Boost)  
  15  0:38  Gateway  
  15  0:46  Gateway  
  15  0:50  Probe (Chrono Boost)  
  16  0:59  Assimilator  
  16  1:00  Probe (Chrono Boost)  
  17  1:10  Pylon  
  17  1:13  Probe (Chrono Boost)  
  20  1:27  Zealot (Chrono Boost)  
  20  1:33  Cybernetics Core  
  20  1:34  Zealot (Chrono Boost)  
  20  2:11  Nexus  
  20  2:15  Zealot (Chrono Boost)  
  24  2:18  Adept (Chrono Boost)  
  24  2:20  Assimilator  
  24  2:21  Probe  
  25  2:29  Assimilator  
  25  2:36  Probe  
  26  2:50  Warp Gate (Chrono Boost)  
  26  2:54  Probe  
  27  3:04  Gateway  
  27  3:10  Forge  
  27  3:15  Pylon  
  27  3:16  Probe  
  28  3:22  Adept  
  28  3:23  Zealot  
  32  3:44  Robotics Facility  
  32  3:52  Mothership Core  
  34  3:59  Probe  
  35  4:11  Probe  
  35  4:12  Probe  
  35  4:13  Photon Cannon  
  37  4:19  Protoss Ground Weapons Level 1  
  31  4:58  Probe  
  32  5:00  Probe  
  32  5:01  Immortal  
  32  5:05  Pylon  
  37  5:09  Stargate, Probe  
  37  5:10  Pylon  
  37  5:12  Probe  
  39  5:21  Probe  
  39  5:22  Assimilator  
  39  5:24  Probe  
  39  5:27  Stalker  
  43  5:29  Sentry  
  43  5:33  Adept  
  47  5:36  Probe  
  47  5:37  Probe  
  49  5:50  Zealot  
  49  5:54  Oracle  
  49  5:56  Zealot  
  56  5:58  Adept  
  56  6:02  Probe  
  56  6:03  Probe  
  49  6:44  Stalker  
  49  6:45  Stalker x2  
  41  6:57  Pylon  
  33  7:04  Void Ray, Immortal  
  31  7:45  Stalker  
  31  7:47  Void Ray, Zealot x2  
  40  8:04  Probe  
  39  8:05  Probe  
  41  8:15  Probe  
  41  8:18  Probe  
  43  8:20  Pylon  
  43  8:25  Probe  
  43  8:26  Pylon  
  44  8:30  Probe  
  45  8:36  Probe  
  45  8:40  Photon Cannon  
  46  8:42  Probe  
  46  8:45  Photon Cannon  
  47  8:55  Probe  
  47  8:56  Probe  
  49  9:05  Probe  
  49  9:08  Probe  
  51  9:16  Probe  
  51  9:20  Probe  
  53  9:26  Probe  
  54  9:32  Probe  
  54  9:37  Probe  
  55  9:40  Stalker  
  55  9:41  Stalker x2  
  55  9:44  Probe  
  63  9:47  Probe  
  58  10:18  Stalker x2  
  58  10:19  Zealot  
  60  10:32  Pylon  
  60  10:39  Probe  
  60  10:41  Pylon, Probe  
  56  10:43  Pylon  
  52  10:50  Probe, Zealot x3  
  52  10:53  Probe  
  58  10:57  Photon Cannon  
  58  10:59  Photon Cannon  
  58  11:02  Photon Cannon  
Show
View Real Time Build Order
Export as new Build Order

unwei Zerg 

Build Orders: Pool First, Roach Nydus 

Get SALT Encoding   

  12  0:18  Spawning Pool  
  11  0:22  Drone  
  11  0:27  Drone  
  13  0:35  Overlord  
  13  0:40  Drone  
  14  1:05  Zergling x4  
  14  1:06  Zergling x2  
  17  1:27  Hatchery  
  16  1:33  Drone x2  
  16  1:39  Drone  
  19  1:40  Extractor  
  18  1:49  Queen  
  18  1:53  Drone  
  20  2:17  Drone x2  
  22  2:27  Roach Warren  
  22  2:28  Drone, Extractor  
  20  2:53  Drone x2  
  20  2:54  Drone x3  
  20  2:56  Queen  
  27  3:00  Overlord  
  27  3:02  Overlord  
  27  3:20  Roach x4  
  35  3:30  Lair  
  35  3:50  Drone x5  
  35  3:51  Drone  
  41  4:06  Drone x2  
  41  4:08  Overlord x2  
  43  4:26  Drone  
  43  4:27  Drone x6  
  50  4:35  Glial Reconstitution  
  49  4:58  Roach x4  
  49  4:59  Roach  
  59  5:07  Nydus Network  
  59  5:08  Overlord, Roach  
  59  5:09  Overlord  
  60  5:15  Extractor  
  60  5:16  Extractor  
  58  5:25  Evolution Chamber, Roach  
  58  5:28  Roach x3  
  63  5:29  Evolution Chamber, Roach x2  
  68  5:41  Roach x2  
  68  5:42  Roach  
  74  5:55  Nydus Canal  
  74  6:02  Roach  
  76  6:04  Overlord  
  76  6:05  Overlord x2  
  70  6:28  Roach x6  
  70  6:46  Roach  
  70  6:47  Roach  
  64  7:20  Roach x2  
  64  7:21  Roach x4  
  72  7:24  Spore Crawler  
  64  7:37  Zergling x4  
  64  7:54  Nydus Canal  
  36  8:24  Zerg Missile Weapons Level 1  
  36  8:25  Zerg Ground Armor Level 1  
  36  8:26  Zergling x12  
  42  8:33  Hydralisk Den  
  41  8:44  Zergling x2  
  41  8:45  Zergling x2  
  43  8:56  Roach x2  
  43  8:57  Roach x3  
  43  9:00  Drone  
  54  9:15  Roach  
  54  9:16  Roach x2  
  60  9:27  Spore Crawler  
  59  9:44  Spore Crawler  
  40  10:09  Hydralisk x5  
  40  10:10  Hydralisk x2  
  45  10:25  Hydralisk x4  
  51  10:33  Overlord  
  38  10:48  Drone  
Tags
 
Add a new tag
Caveats
  • Supply blocks, unpowered buildings, or Contaminate may cause inaccurate times.
  • Supply counts are checked every 10 seconds.